Unix NetHack Version 5.0.0-0 post-release - last build Jun 10 2026 00:39:30 (3ee93aec679c4c4259841fe613dc97188e26a321,branch:main).

Game began 2026-06-29 19:46:41, ended 2026-06-29 20:15:56.

Eymerich, chaotic male elven Priest

                            -----------
                            |..r......|
  ----------               #...r@.f.).|                   ---------
  |........|               #|...r.....|                   |.......|
  |(........#              #|...0.)>...##############     |.......|
  ----------#              #|.`.....).|    -------  0#####........|
            #           ####--|------.-    |.....|        |.......|
           ##           #     #      #     |.....|       #......_.|
         ###            #     #     ##     |.....|       #|.......|
         #------------ ##     #    ##     #.....>|   #####---------
         #|....<.....|##      # ####      #|......####
         #...........|#      -|-.---      #-------
          |..........|#      |......#######
          |..........-#      |.....|
          |..........|       |.....|
          ------------       |.....|
                             |.....|
                             -------

Eymerich the Acolyte         St:8 Dx:15 Co:13 In:12 Wi:20 Ch:10  Chaotic
Dlvl:2  $:0  HP:0(32) Pw:25(40) AC:6  Xp:4 T:2302  Burdened

Latest messages:
 The giant rat misses the dwarf.
 The giant rat bites it.
 It swings its crossbow at the giant rat.
 It hits the giant rat.
 You hear a chugging sound.
 The gnome swings her crossbow.
 The gnome hits!
 You stop.  Your giant rat is in the way!
 The gnome wields 4 cursed daggers!
 The daggers weld themselves to the gnome's hand!
 The dwarf swings his broad pick.
 The dwarf misses!
 You hear crashing rock.
 The gnome swings her crossbow.
 The gnome hits!
 You climb up the stairs.
 You see here 6 crossbow bolts.
 You see here a cursed crossbow.
 Puffa picks up a crossbow bolt.
 You see here 5 crossbow bolts.
 Puffa drops a crossbow bolt.
 Puffa picks up a crossbow bolt.
 Puffa drops a crossbow bolt.
 Puffa picks up a crossbow bolt.
 Puffa drops a crossbow bolt.
 Puffa picks up a crossbow bolt.
 You stop searching.
 The giant rat picks up a crossbow bolt.
 The sewer rat bites!
 You miss the sewer rat.
 The sewer rat bites!
 The sewer rat bites!
 The sewer rat bites!
 Puffa drops a crossbow bolt.
 You hit the sewer rat.
 The sewer rat bites!
 The sewer rat misses!
 You hit the sewer rat.
 The sewer rat bites!
 The sewer rat bites!
 You miss the sewer rat.
 The sewer rat bites!
 The sewer rat bites!
 The giant rat drops a crossbow bolt.
 The giant rat misses the sewer rat.
 The sewer rat bites!
 You die...
 Do you want your possessions identified? [ynq] (y)
 Do you want to see your attributes? [ynq] (y)
 Do you want an account of creatures vanquished? [ynaq] (y)

Inventory:
 Weapons  (')')
  u - a +1 arrow
  v - 9 +0 arrows
  L - 6 +0 silver arrows
  J - 9 +0 ya
  F - a +0 sling
  x - 28 +1 darts (at the ready)
  y - a poisoned +0 dart
  t - a +0 orcish dagger
  a - a blessed +3 mace
 Armor    ('[')
  B - a +1 orcish helm (being worn)
  b - a +0 robe (being worn)
 Comestibles  ('%')
  e - a clove of garlic
  j - 4 food rations
  f - a sprig of wolfsbane
  o - a tripe ration
  n - a lichen corpse
 Scrolls  ('?')
  I - a scroll of remove curse
 Spellbooks  ('+')
  C - a spellbook of create monster
  g - a spellbook of light
  h - a spellbook of remove curse
 Potions  ('!')
  k - a potion of extra healing
  s - a potion of sleeping
  d - 4 potions of holy water
 Wands    ('/')
  q - a wand of cold (0:4)
 Tools    ('(')
  w - a tooled horn
 Gems/Stones  ('*')
  m - a worthless piece of yellow glass named soft
  G - 5 flint stones

Eymerich the Priest's attributes:

Background:
 You were an Acolyte, a level 4 elven Priest.
 You were chaotic, on a mission for Set
 who was opposed by Mitra (lawful) and Crom (neutral).
 You were right-handed.
 You were in the Dungeons of Doom, on level 2.
 You entered the dungeon 2302 turns ago.
 There was a full moon in effect when your adventure ended.
 You had 126 experience points, 34 more were needed to attain level 5.

Basics:
 You had 0 out of 32 hit points.
 You had 25 out of 40 energy points (spell power).
 Your armor class was 6.
 Your wallet was empty.
 Autopickup was off.

Final Characteristics:
 Your strength was 8 (limit:18).
 Your dexterity was 15 (limit:18).
 Your constitution was 13 (limit:16).
 Your intelligence was 12 (limit:20).
 Your wisdom was 20 (limit:20).
 Your charisma was 10 (limit:18).

Final Status:
 You weren't hungry.
 You were burdened; movement was slightly slowed.
 You were bare handed.
 You were unskilled in bare handed combat.

Final Attributes:
 You were piously aligned.
 You were sleep resistant.
 You were telepathic.
 You had infravision.
 You were guarded.
 Your spell casting was enhanced by wearing a robe.
 You were lucky.
 You are dead.

Miscellaneous:
 You didn't encounter any bones levels.
 Total elapsed playing time was 29 minutes and 13 seconds.

Major events:
 Turn
    1: Eymerich the chaotic elven Priest entered the dungeon
  388: entered the Gnomish Mines
  829: attained the rank of Acolyte (level 3)
 2302: killed by a sewer rat

Spells:
 Name                 Level Category     Fail Retention
 light                  1   clerical       0%   81%-90%
 remove curse           3   clerical       0%   81%-90%

Skills:
 Fighting Skills
   bare handed combat [Unskilled]
 Weapon Skills
   club               [Unskilled]
   mace               [Basic]
   morning star       [Unskilled]
   flail              [Unskilled]
   hammer             [Unskilled]
   quarterstaff       [Unskilled]
   polearms           [Unskilled]
   spear              [Unskilled]
   trident            [Unskilled]
   lance              [Unskilled]
   bow                [Unskilled]
   sling              [Unskilled]
   crossbow           [Unskilled]
   dart               [Unskilled]
   shuriken           [Unskilled]
   boomerang          [Unskilled]
   unicorn horn       [Unskilled]
 Spellcasting Skills
   healing spells     [Unskilled]
   divination spells  [Unskilled]
   clerical spells    [Basic]

Voluntary challenges:
 Character rerolling was not enabled.
 You never genocided any monsters.
 You never polymorphed an object.
 You used no wishes.
Achievements:
 You entered the Gnomish Mines.
 You attained the rank of Acolyte.

 The Dungeons of Doom: levels 1 to 4
    Level 1:
    Level 2: <- You were here.
       An altar to Set.
       Stairs down to The Gnomish Mines.
       Final resting place for
          you, killed by a sewer rat.
    Level 3:
       A fountain, a grave.
    Level 4: "vault (found)"
 The Gnomish Mines:
    Level 3:


Vanquished creatures:
  a gnome leader
  a floating eye
  a giant bat
 an orc zombie
  2 wererats
  a werejackal
 an iguana
 an acid blob
  a hobbit
  4 giant rats
  a yellow mold
  a green mold
  2 gnomes
  5 garter snakes
  2 geckos
  4 goblins
  a sewer rat
  5 grid bugs
  3 lichens
  5 newts
43 creatures vanquished.

No species were genocided or became extinct.

Game over:
                       ----------
                      /          \
                     /    REST    \
                    /      IN      \
                   /     PEACE      \
                  /                  \
                  |     Eymerich     |
                  |       0 Au       |
                  |   killed by a    |
                  |    sewer rat     |
                  |                  |
                  |                  |
                  |       2026       |
                 *|     *  *  *      | *
        _________)/\\_//(\/(/\)/\//\/|_)_______

Goodbye Eymerich the Priest...

You died in The Dungeons of Doom on dungeon level 2 with 664 points,
and 0 pieces of gold, after 2302 moves.
You were level 4 with a maximum of 32 hit points when you died.

